 Dungeon Crawl Stone Soup version 0.22-a0-617-g6d95e9e (webtiles) character file.

120735 sking99 the Warrior (level 16, -5/135 HPs)
             Began as a Yellow Draconian Warper on July 12, 2018.
             Was the Champion of Ru.
             Slain by a spriggan rider
             ... wielding a +0 spear
              (10 damage)
             ... on level 2 of the Swamp.
             The game lasted 01:30:53 (37400 turns).

sking99 the Warrior (Yellow Draconian Warper)      Turns: 37400, Time: 01:30:54

Health: -5/135     AC: 19    Str: 14    XL:     16   Next: 30%
Magic:  19/19      EV: 22    Int: 16    God:    Ru [******]
Gold:   2709       SH:  0    Dex: 15    Spells: 11/19 levels left

rFire    . . .     SeeInvis .   b - +5 great sword (elec)
rCold    + . .     Gourm    .   (shield currently unavailable)
rNeg     . . .     Faith    .   (armour unavailable)
rPois    .         Spirit   .   (helmet restricted)
rElec    .         Reflect  .   (no cloak)
rCorr    +         Harm     .   H - +2 pair of gloves
MR       +....                  Q - +2 pair of boots
Stlth    ..........             (no amulet)
HPRegen  0.32/turn              k - +4 ring of protection
MPRegen  0.16/turn              v - ring of protection from cold

@: studying Shields, drained
A: spit acid, acid resistance, unfitting armour, frail 1, acidic bite,
cold-blooded, no stealth, inability to use devices, no ice magic, no necromancy
magic, no summoning magic, AC +9
a: Breathe Acid, Draw Out Power, Power Leap, Apocalypse, Renounce Religion


You were on level 2 of the Swamp.
You worshipped Ru.
Ru was exalted by your worship.
You were very hungry.

You visited 4 branches of the dungeon, and saw 25 of its levels.
You also visited: Ossuary, Bailey and Volcano.

You collected 2709 gold pieces.

Inventory:

Hand Weapons
 a - a +3 scimitar of flaming
 b - a +5 great sword of electrocution (weapon)
 u - a +1 longbow of velocity
Missiles
 d - 5 tomahawks of dispersal (quivered)
 L - 8 tomahawks
 O - 343 arrows
Armour
 H - a +2 pair of gloves (worn)
 Q - a +2 pair of boots (worn)
Jewellery
 k - a +4 ring of protection (left hand)
 l - an uncursed ring of ice
 v - a ring of protection from cold (right hand)
 C - an uncursed ring of positive energy
 G - the ring of the Original Sin {rC+ rN+ MR- SInv}
   (You found it on level 10 of the Dungeon)

   [ring of positive energy]

   It protects you from cold.
   It protects you from negative energy.
   It affects your resistance to hostile enchantments.
   It lets you see invisible.
 K - an uncursed ring of magical power
 M - an uncursed amulet of rage {unknown}
 N - the amulet "Deregaqe" {Inacc rPois Stlth+}
   (You found it on level 13 of the Dungeon)

   [amulet of inaccuracy]

   It reduces the accuracy of all your attacks.
   It protects you from poison.
   It makes you more stealthy.
 P - an uncursed ring of positive energy
Scrolls
 c - 3 scrolls of blinking
 e - 13 scrolls of teleportation
 g - 7 scrolls of remove curse
 i - 8 scrolls of enchant weapon
 j - 4 scrolls of amnesia
 q - 3 scrolls of immolation
 w - 2 scrolls of fear
 y - 9 scrolls of enchant armour
 B - 4 scrolls of identify
 F - 3 scrolls of magic mapping
 I - 3 scrolls of fog
Potions
 h - 8 potions of curing
 m - 2 potions of heal wounds
 n - 2 potions of haste
 o - 4 potions of brilliance
 p - a potion of resistance
 r - 8 potions of berserk rage
 s - 4 potions of ambrosia
 t - 3 potions of magic
 x - 4 potions of agility
 z - 5 potions of flight
 A - 3 potions of might
 D - 11 potions of lignification
Books
 J - a manual of Shields
Comestibles
 f - 44 rations


   Skills:
 * Level 16.0(15.8) Fighting
 * Level 15.5(15.3) Long Blades
 - Level 7.9(7.8) Bows
 - Level 0.8(0.7) Throwing
 * Level 14.6(14.4) Dodging
 - Level 0.2(0.1) Shields
 - Level 2.0(1.8) Spellcasting
 - Level 10.0(9.9) Translocations


You had 11 spell levels left.
You knew the following spells:

 Your Spells              Type           Power        Failure   Level  Hunger
a - Blink                 Tloc           N/A          1%          2    ###....
b - Shroud of Golubria    Chrm/Tloc      ###.......   4%          2    ###....
c - Passage of Golubria   Tloc           N/A          3%          4    #####..

Your spell library contained the following spells:

 Spells                   Type           Power        Failure   Level  Hunger
 Magic Dart               Conj           #...         22%         1    #......
 Fireball                 Conj/Fire      #.........   99%         5    ######.
 Conjure Flame            Conj/Fire      #.......     54%         3    ###....
 Bolt of Cold             Conj/Ice       #.........   100%        6    #######
 Slow                     Hex            #.......     32%         2    ###....
 Confuse                  Hex            #.......     54%         3    ###....
 Throw Flame              Conj/Fire      #.....       32%         2    ###....
 Freezing Cloud           Conj/Ice/Air   #.........   100%        6    #######
 Mephitic Cloud           Conj/Pois/Air  #.......     54%         3    ###....
 Ring of Flames           Chrm/Fire      #.........   100%        7    #######
 Teleport Other           Tloc           ####....     1%          3    ###....
 Iskenderun's Mystic Bla  Conj           #.......     91%         4    #####..
 Ozocubu's Refrigeration  Ice            #.........   100%        6    #######
 Sticky Flame             Conj/Fire      #.......     91%         4    #####..
 Call Imp                 Summ           #.......     32%         2    ###....
 Tukima's Dance           Hex            #.......     54%         3    ###....
 Stone Arrow              Conj/Erth      #.....       54%         3    ###....
 Spider Form              Tmut/Pois      #.........   54%         3    ###....
 Blade Hands              Tmut           #.........   99%         5    ######.
 Ice Form                 Ice/Tmut       #.......     91%         4    #####..
 Confusing Touch          Hex            #.....       22%         1    #......
 Flame Tongue             Conj/Fire      #....        22%         1    #......
 Passwall                 Tmut/Erth      #.......     32%         2    ###....
 Sticks to Snakes         Tmut           #.......     32%         2    ###....
 Ensorcelled Hibernation  Hex/Ice        #.....       32%         2    ###....
 Metabolic Englaciation   Hex/Ice        #.........   99%         5    ######.
 Corona                   Hex            #......      22%         1    #......
 Lee's Rapid Deconstruct  Erth           #.........   99%         5    ######.
 Sandblast                Erth           #.....       22%         1    #......
 Simulacrum               Ice/Necr       #.........   100%        6    #######
 Petrify                  Tmut/Erth      #.......     91%         4    #####..
 Inner Flame              Hex/Fire       #.......     54%         3    ###....
 Beastly Appendage        Tmut           #.....       22%         1    #......
 Fulminant Prism          Conj/Hex       #.........   91%         4    #####..
 Dazzling Spray           Conj/Hex       #.....       54%         3    ###....
 Force Lance              Conj/Tloc      ###.....     28%         4    #####..
 Searing Ray              Conj           #.....       32%         2    ###....
 Gell's Gravitas          Tloc           ####......   1%          3    ###....
 Yara's Violent Unravell  Hex/Tmut       #.........   99%         5    ######.
 Lesser Beckoning         Tloc           ####......   1%          3    ###....
 Poisonous Vapours        Pois/Air       #.....       32%         2    ###....


Dungeon Overview and Level Annotations

Branches:
Dungeon (15/15)            Temple (0/1) D:7            Lair (6/6) D:9
  Swamp (2/4) Lair:2       Spider (0/4) Lair:3        Slime (0/5) Lair:6
    Orc (2/2) D:9             Elf (0/3) Orc:2        Vaults (0/5) D:14
 Depths (0/5) D:15

Altars:
Fedhas
Gozag
Kikubaaqudgha
Makhleb
Okawaru
Ru
Uskayaw
Wu Jian
Xom
Zin
Beogh

Shops:
D:9 *   Orc:2 (**(

Portals:
Trove: D:14 (give 7 potions of haste)

Annotations:
D:14 1 runed door


Innate Abilities, Weirdness & Mutations

You can spit globs of acid.
You are resistant to acid.
Your golden yellow scales are hard. (AC +9)
You cannot fit into any form of body armour.
You are frail. (-10% HP)
You have acidic saliva.
You are cold-blooded and may be slowed by cold attacks.
You cannot be stealthy.
You cannot study or use magical devices.
You cannot study or cast Ice magic.
You cannot study or cast Necromancy magic.
You cannot study or cast Summoning magic.


Message History

The spriggan rider hits you from afar with a spear!!
* * * LOW HITPOINT WARNING * * *
You focus your will and illuminate the spriggan rider in retribution!
The spriggan rider hits you from afar with a spear!
* * * LOW HITPOINT WARNING * * *
The spriggan rider hits you but does no damage.
The spriggan rider misses you.
The spriggan rider hits you from afar with a spear.
* * * LOW HITPOINT WARNING * * *
You enter the shallow water.
Moving in this stuff is going to be slow.
The spriggan rider completely misses you.
The spriggan rider hits you from afar with a spear!
* * * LOW HITPOINT WARNING * * *
You focus your will and illuminate the spriggan rider in retribution!
The spriggan rider barely misses you.
The spriggan rider hits you from afar with a spear!
* * * LOW HITPOINT WARNING * * *
The spriggan rider hits you from afar with a spear!
You die...

♣♣♣♣♣♣♣♣♣..≈♣
♣≈.≈♣ ♣...♣
♣♣..♣ ♣..♣♣
♣≈.≈♣ ♣.ii♣
♣.≈≈♣ ..♣
♣.≈@♣♣ ..
♣♣≈..♣ ≈♣
♣≈≈.♣♣ .♣
♣.≈..♣♣ .♣
♣.≈...♣ ♣
♣♣≈≈.♣♣
♣.≈..♣♣
♣.≈≈..♣♣♣ .
♣..≈♣≈..♣♣♣..


You could see 2 spriggan riders.

Vanquished Creatures
  Rupert (Lair:3)
  An orc warlord (Orc:2)
  A stone giant (Orc:1)
  Azrael (D:15)
  5 dire elephants (Lair:6)
  Snorg (D:12)
  Josephine (D:11)
  Harold (D:11)
  7 hydras
  8 vault guards (D:14)
  A ghost crab (Swamp:1)
  A catoblepas (Lair:6)
  5 centaur warriors
  Erica (D:8)
  An alligator (Swamp:2)
  An ogre mage (D:15)
  10 two-headed ogres
  4 orc high priests (Orc:2)
  4 death yaks
  A death knight (D:14)
  Nergalle (Lair:4)
  Urug (D:11)
  A spriggan (Swamp:1)
  A skeletal warrior (D:15)
  4 unseen horrors
  9 orc knights
  A wizard (D:15)
  2 lindwurms
  An orb spider (Lair:3)
  A necromancer (D:15)
  6 orc sorcerers
  5 ugly things
  3 cyclopes
  3 deep elf magi
  2 salamanders (Volcano)
  20 elephants (Lair:6)
  4 black mambas
  A naga mage (D:15)
  Joseph (D:7)
  16 spiny frogs
  A spiny frog (shapeshifter) (D:11)
  A gargoyle (D:14)
  A rime drake (Lair:3)
  3 centaur skeletons
  2 freezing wraiths
  5 komodo dragons
  A yaktaur (D:15)
  4 kobold demonologists (D:12)
  A tyrant leech (Swamp:1)
  A queen bee (shapeshifter) (D:13)
  5 trolls
  A queen bee (D:9)
  2 hornets (Swamp:1)
  12 hippogriffs
  A blink frog (shapeshifter) (D:15)
  9 blink frogs
  A bog body (Lair:2)
  A shadow (D:12)
  3 vampires
  6 slime creatures (Swamp:1)
  A fire bat (Volcano)
  6 wraiths
  2 wyverns (D:13)
  37 yaks
  4 fire elementals (D:15)
  A basilisk (Lair:3)
  3 hungry ghosts
  14 vampire mosquitoes
  6 wargs
  4 insubstantial wisps (Swamp:1)
  Edmund (D:6)
  6 swamp worms
  An acid dragon (D:13)
  5 hell hounds
  9 water moccasins
  5 porcupines
  2 swamp drakes
  38 orc warriors
  9 ice beasts
  3 sky beasts
  An ogre (shapeshifter) (D:15)
  4 phantoms
  A black bear (D:9)
  A necrophage (D:8)
  15 ogres
  28 centaurs
  17 wolves
  An eye of draining (D:11)
  9 crocodiles
  18 bullfrogs
  6 big kobolds
  A gnoll sergeant (D:5)
  A wyvern zombie (D:12)
  4 scorpions
  19 killer bees (D:9)
  An oklob sapling (D:7)
  17 wights
  5 electric eels
  6 howler monkeys
  6 crimson imps
  2 bullfrog zombies
  A quasit (D:8)
  3 centaur zombies
  37 orc priests
  3 hounds
  An iron imp (D:3)
  19 jellies
  A bullfrog skeleton (D:9)
  A gnoll shaman (D:6)
  6 iguanas
  23 orc wizards
  10 worker ants
  7 big kobold zombies (Ossuary)
  A mummy (Ossuary)
  A hound zombie (D:3)
  2 hound skeletons
  A howler monkey skeleton (D:11)
  A worker ant zombie (D:7)
  15 gnolls
  14 adders
  A shadow imp (D:12)
  2 oozes
  5 adder zombies
  An adder skeleton (D:4)
  2 worms
  3 dart slugs
  3 leopard geckos
  122 orcs
  A spectral bat (Ossuary)
  7 bats
  4 bat simulacra (Ossuary)
  7 giant cockroaches
  5 gnoll zombies (Ossuary)
  5 goblins
  9 hobgoblins
  12 jackals
  19 kobolds
  3 quokkas
  2 ball pythons
  7 frilled lizards
  3 goblin simulacra (Ossuary)
  2 goblin zombies (Ossuary)
  3 hobgoblin zombies (Ossuary)
  6 kobold simulacra (Ossuary)
  5 kobold zombies (Ossuary)
  3 orc zombies (Ossuary)
  8 rats
  2 rat simulacra (Ossuary)
  3 spectral goblins (Ossuary)
  5 spectral kobolds (Ossuary)
  3 spectral rats (Ossuary)
  3 plants
933 creatures vanquished.

Vanquished Creatures (others)
  2 hydras
  An anaconda (Lair:6)
  A cyclops (D:15)
  A troll (D:9)
  A spriggan (Swamp:1)
  3 yaks
  A centaur (D:12)
  A bullfrog (D:11)
  2 goblin zombies (Ossuary)
  A kobold zombie (Ossuary)
  10 fungi
  15 plants
39 creatures vanquished.

Grand Total: 972 creatures vanquished

Notes
Turn   | Place    | Note
-------+----------+-------------------------------------------
     0 | D:1      | sking99 the Draconian Warper began the quest for the Orb.
     0 | D:1      | Reached XP level 1. HP: 17/17 MP: 3/3
   471 | D:1      | Reached XP level 2. HP: 23/25 MP: 5/5
   592 | D:1      | Reached XP level 3. HP: 9/30 MP: 6/6
   790 | D:1      | Learned a level 2 spell: Blink
   798 | D:1      | Learned a level 2 spell: Shroud of Golubria
  1112 | D:2      | Reached skill level 3 in Fighting
  1622 | D:2      | Noticed an ice beast
  1662 | D:2      | Killed an ice beast
  1662 | D:2      | Reached XP level 4. HP: 33/40 MP: 1/7
  1662 | D:2      | Reached XP level 5. HP: 38/46 MP: 1/8
  1714 | D:2      | Learned a level 4 spell: Passage of Golubria
  1767 | D:2      | Found a blossoming altar of Fedhas.
  2042 | D:3      | Noticed Grinder
  2168 | D:3      | Reached skill level 4 in Fighting
  2275 | D:3      | Noticed Grinder
  2275 | D:3      | Grinder changed into Grinder the iron imp
  2599 | D:3      | Killed Grinder the iron imp
  2599 | D:3      | Reached skill level 5 in Long Blades
  2957 | D:3      | Reached XP level 6. HP: 49/52 MP: 5/9
  3216 | D:3      | Found a burning altar of Makhleb.
  3221 | D:3      | Found a shimmering altar of Xom.
  3234 | D:3      | Found a blossoming altar of Fedhas.
  3234 | D:3      | Found an opulent altar of Gozag.
  3705 | D:4      | Found an iron altar of Okawaru.
  4162 | D:4      | Reached skill level 8 in Fighting
  4162 | D:4      | Reached skill level 10 in Long Blades
  4162 | D:4      | Your scales start taking on a golden yellow colour.
  4162 | D:4      | Reached XP level 7. HP: 66/68 MP: 10/10
  4255 | D:5      | Entered Level 5 of the Dungeon
  4480 | D:5      | Reached XP level 8. HP: 74/74 MP: 8/11
  5455 | D:6      | Noticed Edmund
  5489 | D:6      | Killed Edmund
  5538 | D:6      | Reached XP level 9. HP: 70/82 MP: 12/12
  5907 | D:6      | Found a sand-covered staircase.
  5986 | Ossuary  | Entered an ossuary
  6603 | D:6      | Found a sacrificial altar of Ru.
  6694 | D:6      | Reached skill level 5 in Translocations
  7275 | D:6      | Became a worshipper of Ru the Awakened
  7305 | D:7      | Found a flagged portal.
  7462 | Bailey   | Entered a bailey
  8172 | Bailey   | Noticed an orc knight
  8192 | Bailey   | Killed an orc knight
  8192 | Bailey   | Reached XP level 10. HP: 59/90 MP: 10/13
  8409 | Bailey   | Noticed an orc knight
  8450 | Bailey   | Killed an orc knight
  8516 | Bailey   | Noticed an orc knight
  8564 | Bailey   | Killed an orc knight
  8872 | Bailey   | Noticed an orc knight
  8872 | Bailey   | Noticed an orc knight
  8898 | Bailey   | Reached XP level 11. HP: 95/95 MP: 14/14
  8914 | Bailey   | Killed an orc knight
  8916 | Bailey   | Killed an orc knight
  9250 | D:7      | Found a staircase to the Ecumenical Temple.
  9522 | D:7      | Noticed Joseph
  9846 | D:7      | Killed Joseph
 10122 | D:7      | Gained mutation: You cannot study or use magical devices. [Ru sacrifice]
 10122 | D:7      | Reached * piety under Ru
 10122 | D:7      | Reached ** piety under Ru
 10238 | D:7      | Found a glowing silver altar of Zin.
 10756 | D:8      | Found an ornate altar of the Wu Jian Council.
 10785 | D:8      | Noticed Erica
 10791 | D:8      | Killed Erica
 12760 | D:9      | Gained mutation: You cannot be stealthy. [Ru sacrifice]
 12760 | D:9      | Reached *** piety under Ru
 12898 | D:9      | Found Jiemn's General Store.
 12966 | D:9      | Reached XP level 12. HP: 87/102 MP: 13/15
 13321 | D:9      | Reached skill level 10 in Translocations
 13467 | D:9      | Found a staircase to the Lair.
 13479 | D:9      | Found a roughly hewn altar of Beogh.
 13479 | D:9      | Found a staircase to the Orcish Mines.
 13847 | D:9      | Reached skill level 9 in Fighting
 14400 | D:9      | Found an ancient bone altar of Kikubaaqudgha.
 14605 | D:10     | Entered Level 10 of the Dungeon
 15256 | D:10     | Got a crude silver ring
 15260 | D:10     | Gained mutation: You cannot study or cast Ice magic. [Ru sacrifice]
 15260 | D:10     | Gained mutation: You cannot study or cast Necromancy magic. [Ru sacrifice]
 15260 | D:10     | Gained mutation: You cannot study or cast Summoning magic. [Ru sacrifice]
 15260 | D:10     | Reached **** piety under Ru
 15296 | Lair:1   | Entered Level 1 of the Lair of Beasts
 15298 | Lair:1   | Identified the ring of the Original Sin {rC+ rN+ MR- SInv} (You found it on level 10 of the Dungeon)
 15828 | Lair:1   | Found a dark tunnel.
 15871 | Volcano  | Entered a volcano
 15955 | Volcano  | Noticed a two-headed ogre
 15956 | Volcano  | Noticed a two-headed ogre
 15966 | Volcano  | Killed a two-headed ogre
 15974 | Volcano  | Killed a two-headed ogre
 15982 | Volcano  | Reached skill level 10 in Fighting
 15996 | Volcano  | HP: 4/106 [salamander/rapier of flaming (8)]
 17341 | Lair:2   | Reached skill level 10 in Dodging
 17372 | Lair:2   | Gained mutation: You are frail. (-10% HP) [Ru sacrifice]
 17372 | Lair:2   | Reached ***** piety under Ru
 17372 | Lair:2   | Reached ****** piety under Ru
 17831 | Lair:2   | Reached skill level 1 in Bows
 18125 | Lair:2   | Noticed an eight-headed hydra
 18131 | Lair:2   | Killed a six-headed hydra
 19537 | Lair:2   | Found a staircase to the Swamp.
 20025 | Lair:3   | Noticed a seven-headed hydra
 20043 | Lair:3   | Killed a four-headed hydra
 20043 | Lair:3   | Reached XP level 13. HP: 62/102 MP: 16/16
 20405 | Lair:3   | Noticed Rupert
 20407 | Lair:3   | Paralysed by Rupert for 6 turns
 20467 | Lair:3   | Killed Rupert
 20467 | Lair:3   | Reached skill level 11 in Fighting
 20617 | Lair:3   | Found a hole to the Spider Nest.
 20787 | Lair:3   | Found a blossoming altar of Fedhas.
 21897 | Lair:4   | Reached skill level 5 in Bows
 22005 | Lair:4   | Noticed Nergalle
 22015 | Lair:4   | Killed Nergalle
 22628 | Lair:5   | HP: 5/105 [poisoned by a black mamba]
 23352 | Lair:5   | Reached skill level 12 in Fighting
 23805 | Lair:6   | Entered Level 6 of the Lair of Beasts
 24329 | Lair:6   | Gained mutation: You have acidic saliva. [Yellow Draconian growth]
 24329 | Lair:6   | Reached XP level 14. HP: 67/114 MP: 17/17
 25204 | Lair:6   | Found a staircase to the Slime Pits.
 25917 | Lair:6   | Reached skill level 13 in Fighting
 26774 | D:11     | Noticed Urug
 26778 | D:11     | Noticed Harold
 26785 | D:11     | Killed Harold
 26788 | D:11     | Killed Urug
 27151 | D:11     | Noticed Josephine
 27165 | D:11     | Killed Josephine
 28355 | D:12     | Reached skill level 14 in Fighting
 28719 | D:12     | Noticed Snorg
 28728 | D:12     | Killed Snorg
 29331 | D:13     | Reached XP level 15. HP: 124/124 MP: 18/18
 29355 | D:13     | Found a hide-covered altar of Uskayaw.
 29551 | D:13     | Found a roughly hewn altar of Beogh.
 29796 | D:13     | Got a brightly glowing platinum amulet
 29797 | D:13     | Identified the amulet "Deregaqe" {Inacc rPois Stlth+} (You found it on level 13 of the Dungeon)
 29971 | D:14     | Found a gate to the Vaults.
 30389 | D:14     | Found a runed door.
 30389 | D:14     | Noticed a storm dragon
 30466 | D:14     | Found a portal to a secret trove of treasure.
 30849 | D:15     | Entered Level 15 of the Dungeon
 30961 | D:15     | Reached skill level 15 in Fighting
 31392 | D:15     | Noticed Azrael
 31410 | D:15     | Killed Azrael
 32856 | D:15     | Found a staircase to the Depths.
 33208 | Orc:1    | Entered Level 1 of the Orcish Mines
 33935 | Orc:1    | Paralysed by an orc sorcerer for 6 turns
 34006 | Orc:1    | Reached skill level 15 in Long Blades
 34348 | Orc:2    | Entered Level 2 of the Orcish Mines
 34348 | Orc:2    | Found a staircase to the Elven Halls.
 34741 | Orc:2    | Paralysed by an orc sorcerer for 5 turns
 34858 | Orc:2    | Reached XP level 16. HP: 81/134 MP: 19/19
 35303 | Orc:2    | Found Unogy's Assorted Antiques.
 35303 | Orc:2    | Found Qulovouw's Weapon Emporium.
 35316 | Orc:2    | Found Ujyr's General Store.
 35318 | Orc:2    | Found Foqeohud's Antique Weapon Shoppe.
 36024 | Swamp:1  | Entered Level 1 of the Swamp
 36742 | Swamp:1  | Reached skill level 16 in Fighting
 37399 | Swamp:2  | HP: 5/135 [spriggan rider/spear (14)]
 37400 | Swamp:2  | Slain by a spriggan rider

Vault maps used:
D:1:      dpeg_arrival_snail
D:2:      fedhas_altar_3
D:3:      minitemple, uniq_grinder
D:4:      marbit_many_paths
D:5:      minmay_diamond_boxcup, first_ration
D:6:      old_standard_altar, chequers_ossuary_entry_cave, st_stairs_9,
          uniq_edmund
D:7:      minmay_temple_entry_oklob, enter_bailey_2, basic_altar,
          uniq_crazy_yiuf_cottage, uniq_joseph
D:8:      lemuel_round_altar, uniq_erica
D:9:      lemuel_round_altar, david_orc_5, special_room, serial_shops, shop
D:11:     uniq_harold, uniq_josephine, uniq_urug
D:12:     grunt_ogre_cave, uniq_snorg
D:13:     special_room, serial_curves, eino_curves_02, eino_curves_03,
          basic_altar
D:14:     erik_vaults_2, nicolae_trove_entry_crystal, kennysheep_treasure_room
D:15:     grunt_enter_depths_magical_seal, dk_noncrumbling_4,
          minmay_misc_feat_cross, uniq_azrael
Lair:1:   nicolae_volcano_entry_s_turn, minivault_25
Lair:2:   nicolae_swamp_entry_splash_gauntlet
Lair:3:   nicolae_spider_entry_orb_guardian, basic_altar,
          grunt_forest_small_clearings, grunt_megastairs_3, uniq_rupert
Lair:4:   uniq_nergalle
Lair:5:   nicolae_lair_yak_garden, lemuel_fruit_tree
Lair:6:   due_jungle_book, minmay_slime_entry_jelly_boxes,
          infiniplex_staircase_pool_2
Swamp:1:  serial_swamp_ruin, evilmike_swamp_ruin_house_4,
          evilmike_swamp_ruin_wall, evilmike_swamp_ruin_rubble_1
Swamp:2:  evilmike_swamp_ruin_house_2
Orc:2:    st_orc_mages
Ossuary:  ossuary_zaba_two_paths
Bailey:   bailey_polearm_5, bailey
Volcano:  volcano_village

Skill      XL: |  1  2  3  4  5  6  7  8  9 10 11 12 13 14 15 16 |
---------------+-------------------------------------------------+-----
Long Blades    | 3 4 5 10 11 12 13 14 15 | 15.5
Fighting       | 3 4 8 10 12 14 15 16 | 16.0
Dodging        | 6 7 10 11 13 14 | 14.6
Translocations | 4 6 7 9 10 | 10.0
Bows           | 2 6 7 |  7.9
Throwing       | |  0.8
Shields        | |  0.2
Spellcasting   | |  2.0

Action                   |  1- 3 |  4- 6 |  7- 9 | 10-12 | 13-15 | 16-18 || total
-------------------------+-------+-------+-------+-------+-------+-------++-------
Melee: Falchion          |   125 |   119 |       |       |       |       ||   244
       Tailslap          |    20 |    32 |    80 |   117 |   159 |    28 ||   436
       Long sword        |       |   109 |   204 |       |       |       ||   313
       Great sword       |       |       |   262 |   700 |  1042 |   210 ||  2214
       Unarmed           |       |       |       |     2 |       |       ||     2
       Scimitar          |       |       |       |     5 |    22 |     8 ||    35
       Bite              |       |       |       |       |    96 |    18 ||   114
 Cast: Shroud of Golubri |     2 |    19 |    39 |    18 |     5 |     1 ||    84
       Blink             |     1 |     1 |     2 |     2 |     4 |       ||    10
       Passage of Golubr |       |       |       |     2 |     6 |       ||     8
Invok: Sacrifice Stealth |       |       |       |     1 |       |       ||     1
       Sacrifice Artific |       |       |       |     1 |       |       ||     1
       Draw Out Power    |       |       |       |     3 |     1 |       ||     4
       Sacrifice Health  |       |       |       |     1 |       |       ||     1
       Sacrifice Arcana  |       |       |       |     1 |       |       ||     1
       Power Leap        |       |       |       |       |     5 |       ||     5
       Apocalypse        |       |       |       |       |     7 |     1 ||     8
 Abil: Breathe Acid      |       |       |     9 |    19 |    10 |     1 ||    39
Evoke: Wand              |       |     2 |       |     7 |       |       ||     9
  Use: Scroll            |       |    13 |     7 |     5 |     7 |       ||    32
       Potion            |       |     1 |     1 |    12 |     4 |       ||    18
 Stab: Sleeping          |     1 |       |     1 |     1 |       |       ||     3
       Invisible         |       |       |       |     6 |    13 |     3 ||    22
       Distracted        |       |       |       |     3 |     5 |     2 ||    10
       Paralysed         |       |       |       |     2 |    22 |     3 ||    27
       Petrifying        |       |       |       |       |     1 |       ||     1
       Confused          |       |       |       |       |     1 |       ||     1
  Eat: Chunk             |     2 |     5 |    15 |    22 |    45 |     8 ||    97
       Ration            |       |     2 |     1 |     6 |     3 |       ||    12
Armor: Skin              |    36 |    87 |   125 |   172 |   253 |    61 ||   734
Dodge: Dodged            |    92 |   180 |   379 |   628 |   863 |   192 ||  2334
Block: Buckler           |       |       |     8 |       |       |       ||     8
       Rpst.: Falchion   |    27 |    32 |       |       |       |       ||    59
       Long sword        |       |    16 |    27 |       |       |       ||    43
       Great sword       |       |       |    71 |   176 |   198 |    47 ||   492
       Scimitar          |       |       |       |     1 |     3 |     5 ||     9

Table legend:
 A = Spawn XP
 B = Non-spawn XP
 C = Spawn XP percentage of total XP
 D = Spawn monster count
 E = Non-spawn monster count
 F = Spawn count percentage of total count
 G = Total turns spent on level
                    A         B        C        D         E        F      G
               +---------+---------+-------+---------+---------+-------+---------
         Total |       0 |  164973 |   0.0 |       0 |     941 |   0.0 | 37400
               +---------+---------+-------+---------+---------+-------+---------
           D:1 |       0 |      43 |   0.0 |       0 |      25 |   0.0 |  1064
           D:2 |       0 |     174 |   0.0 |       0 |      18 |   0.0 |  1129
           D:3 |       0 |     185 |   0.0 |       0 |      31 |   0.0 |  1339
           D:4 |       0 |     178 |   0.0 |       0 |      13 |   0.0 |   900
           D:5 |       0 |    1348 |   0.0 |       0 |      25 |   0.0 |  1181
           D:6 |       0 |    1502 |   0.0 |       0 |      47 |   0.0 |  1214
           D:7 |       0 |    1094 |   0.0 |       0 |      24 |   0.0 |  1600
           D:8 |       0 |    2553 |   0.0 |       0 |      26 |   0.0 |  1351
           D:9 |       0 |    5719 |   0.0 |       0 |      85 |   0.0 |  3213
          D:10 |       0 |     443 |   0.0 |       0 |       7 |   0.0 |   705
          D:11 |       0 |   12599 |   0.0 |       0 |      44 |   0.0 |  1226
          D:12 |       0 |    8396 |   0.0 |       0 |      41 |   0.0 |  1217
          D:13 |       0 |    7640 |   0.0 |       0 |      46 |   0.0 |   762
          D:14 |       0 |   13268 |   0.0 |       0 |      30 |   0.0 |  1588
          D:15 |       0 |   20561 |   0.0 |       0 |      60 |   0.0 |  1649
        Lair:1 |       0 |    3252 |   0.0 |       0 |      16 |   0.0 |  1285
        Lair:2 |       0 |    6455 |   0.0 |       0 |      36 |   0.0 |  2709
        Lair:3 |       0 |    8969 |   0.0 |       0 |      22 |   0.0 |  1320
        Lair:4 |       0 |    7135 |   0.0 |       0 |      19 |   0.0 |  1276
        Lair:5 |       0 |    3751 |   0.0 |       0 |      14 |   0.0 |  1303
        Lair:6 |       0 |   22446 |   0.0 |       0 |      56 |   0.0 |  2810
       Swamp:1 |       0 |   10268 |   0.0 |       0 |      34 |   0.0 |  1289
       Swamp:2 |       0 |    1024 |   0.0 |       0 |       2 |   0.0 |    87
         Orc:1 |       0 |    5157 |   0.0 |       0 |      33 |   0.0 |   874
         Orc:2 |       0 |   12514 |   0.0 |       0 |      85 |   0.0 |  1519
       Ossuary |       0 |     254 |   0.0 |       0 |      53 |   0.0 |   560
        Bailey |       0 |    4007 |   0.0 |       0 |      40 |   0.0 |  1734
       Volcano |       0 |    4038 |   0.0 |       0 |       9 |   0.0 |   496
               +---------+---------+-------+---------+---------+-------+---------
